 Dungeon Crawl Stone Soup version 0.29-a0-378-gc08b2e8bf8 (webtiles) character file.

Game seed: 8415689019754629002

60325 spaghetti the Covert (level 14, -13/171 HPs)
             Began as a Gnoll Delver on May 5, 2022.
             Was the Champion of Cheibriados.
             Mangled by a freezing wraith (16 damage)
             ... on level 14 of the Dungeon.
             The game lasted 00:49:54 (18593 turns).

spaghetti the Covert (Gnoll Delver)                Turns: 18593, Time: 00:49:54

Health: -13/171    AC: 16    Str: 27    XL:     14   Next: 98%
Magic:  3/24       EV: 12    Int: 43    God:    Cheibriados [******]
Gold:   1470       SH:  0    Dex: 31    Spells: 2/32 levels left

rFire   . . .      SeeInvis .   v - +4 dagger "Hydrabane" {vorpal, rElec rCorr Int+8 Dex-3, short}
rCold   . . .      Faith    .   (no shield)
rNeg    . . .      Spirit   .   Z - +0 ring mail of the Dwarven Hall {Harm rElec Regen+}
rPois   .          Reflect  .   y - +2 hat
rElec   +          Harm     +   C - +0 cloak
rCorr   +          Rampage  .   O - +2 pair of gloves {Dex+3}
Will    +....                   m - +1 pair of boots
Stlth   ..........              e - amulet of regeneration {@e2}
HPRegen 2.78/turn               W - ring of wizardry
MPRegen 0.19/turn               P - +6 ring of intelligence

@: berserking, petrifying, marked, very slow
A: fangs 1, strong nose, distributed training, thin skeletal structure 1, low MP
1, regeneration 1
a: Renounce Religion, Bend Time, Temporal Distortion, Slouch, Step From Time


You were on level 14 of the Dungeon.
You worshipped Cheibriados.
Cheibriados was exalted by your worship.
You visited 3 branches of the dungeon, and saw 21 of its levels.

You collected 2142 gold pieces.
You spent 672 gold pieces at shops.


Innate Abilities, Weirdness & Mutations

You have very sharp teeth.
Your uncanny sense of smell can sniff out nearby items.
Your experience applies equally to all skills.
You have a somewhat thin skeletal structure. (Dex +2, Stealth+)
Your magical capacity is low. (-10% MP)
Your natural rate of healing is unusually fast.


   Skills:
 + Level 11.6 Fighting
 + Level 10.7 Short Blades
 + Level 9.7 Long Blades
 + Level 9.7 Axes
 + Level 9.7 Maces & Flails
 + Level 9.7 Polearms
 + Level 9.7 Staves
 + Level 9.7 Slings
 + Level 9.7 Bows
 + Level 9.7 Crossbows
 + Level 9.7 Throwing
 + Level 9.7 Armour
 + Level 10.7 Dodging
 + Level 13.4 Stealth
 + Level 9.7 Shields
 + Level 9.7 Unarmed Combat
 + Level 9.7 Spellcasting
 + Level 8.1 Conjurations
 + Level 8.1 Hexes
 + Level 8.1 Summonings
 + Level 8.1 Necromancy
 + Level 8.1 Translocations
 + Level 8.1 Transmutations
 + Level 8.1 Fire Magic
 + Level 8.1 Ice Magic
 + Level 8.1 Air Magic
 + Level 8.1 Earth Magic
 + Level 8.1 Poison Magic
 + Level 10.5 Invocations
 + Level 9.7 Evocations


You had 2 spell levels left.
You knew the following spells:

 Your Spells              Type           Power      Damage    Failure   Level
a - Call Canine Familiar  Summ           74%        N/A       1%          3
b - Summon Small Mammal   Summ           100%       N/A       1%          1
c - Blink                 Tloc           100%       N/A       1%          2
d - Lesser Beckoning      Tloc           74%        N/A       1%          3
e - Summon Ice Beast      Ice/Summ       74%        N/A       1%          4
f - Freezing Cloud        Conj/Ice/Air   37%        6-21      1%          5
g - Summon Mana Viper     Hex/Summ       74%        N/A       1%          5
h - Monstrous Menagerie   Summ           37%        N/A       24%         7

Your spell library contained the following spells:

 Spells                   Type           Power      Damage    Failure   Level
 Sting                    Tmut/Pois      100%       1d8       1%          1
 Conjure Flame            Conj/Fire      74%        6-21      1%          3
 Dazzling Flash           Conj/Hex       100%       N/A       1%          3
 Ignite Poison            Fire/Tmut/Pois 74%        N/A       1%          3
 Mephitic Cloud           Conj/Pois/Air  74%        N/A       1%          3
 Ozocubu's Armour         Ice            74%        N/A       1%          3
 Summon Guardian Golem    Hex/Summ       74%        N/A       1%          3
 Cause Fear               Hex            37%        N/A       1%          4
 Petrify                  Tmut/Erth      74%        N/A       1%          4
 Sticky Flame             Conj/Fire      74%        2d9       1%          4
 Agony                    Necr           74%        N/A       1%          5
 Manifold Assault         Tloc           74%        N/A       1%          5
 Metabolic Englaciation   Hex/Ice        37%        N/A       1%          5
 Silence                  Hex/Air        37%        N/A       1%          5
 Eringya's Noxious Bog    Tmut/Pois      37%        N/A       4%          6
 Simulacrum               Ice/Necr       37%        N/A       4%          6
 Statue Form              Tmut/Erth      49%        N/A       4%          6
 Dragon Form              Tmut           37%        N/A       24%         7
 Storm Form               Tmut/Air       37%        N/A       24%         7
 Dragon's Call            Summ           37%        N/A       100%        9

Inventory:

Hand Weapons
 v - the +4 dagger "Hydrabane" (weapon) {vorpal, rElec rCorr Int+8 Dex-3, short}
   (You found it on level 6 of the Dungeon)

   It inflicts extra damage upon your enemies.
   Int:       It affects your intelligence (+8).
   Dex:       It affects your dexterity (-3).
   rElec:     It insulates you from electricity.
   rCorr:     It protects you from acid and corrosion.
Missiles
 j - 567 stones (quivered) {throwing}
 I - 5 boomerangs {throwing}
 M - 27 poisoned darts {throwing}
 N - 5 atropa-tipped darts {throwing}
Armour
 m - a +1 pair of boots (worn)
   (You found it on level 2 of the Dungeon)
 y - a +2 hat (worn)
   (You found it on level 3 of the Lair of Beasts)
 C - a +0 cloak (worn)
   (You found it on level 8 of the Dungeon)
 O - a +2 pair of gloves of dexterity (worn)
   (You bought it in a shop on level 8 of the Dungeon)
 Z - the +0 ring mail of the Dwarven Hall (worn) {Harm rElec Regen+}
   (You found it on level 14 of the Dungeon)

   rElec:     It insulates you from electricity.
   Regen:     It increases your rate of health regeneration.
   Harm:      It increases damage dealt and taken.
Jewellery
 e - an amulet of regeneration (around neck) {@e2}
   (You found it on level 3 of the Dungeon)
 o - the ring "Quxunlom" {rElec Will+ Int-2 Dex+4 Slay+3}
   (You took it off a goblin on level 2 of the Dungeon)

   [ring of willpower]

   Int:       It affects your intelligence (-2).
   Dex:       It affects your dexterity (+4).
   Slay:      It affects your accuracy & damage with ranged weapons and melee
   (+3).
   rElec:     It insulates you from electricity.
   Will:      It increases your willpower.
 P - a +6 ring of intelligence (right hand)
   (You found it on level 5 of the Lair of Beasts)
 W - a ring of wizardry (left hand)
   (You bought it in a shop on level 9 of the Dungeon)
Wands
 b - a wand of acid (11)
   (You found it on level 1 of the Lair of Beasts)
 g - a wand of digging (3)
 h - a wand of polymorph (3)
   (You found it on level 3 of the Lair of Beasts)
 B - a wand of mindburst (11)
   (You found it on level 5 of the Dungeon)
 G - a wand of paralysis (16)
   (You found it on level 9 of the Dungeon)
 R - a wand of iceblast (1)
   (You found it on level 5 of the Lair of Beasts)
 X - a wand of flame (11)
   (You found it on level 1 of the Lair of Beasts)
Scrolls
 c - 9 scrolls of fog
 d - 4 scrolls of magic mapping {!r}
 f - a scroll of blinking {!r}
 k - 2 scrolls of silence {!r}
 s - 12 scrolls of teleportation {@r4}
 t - 3 scrolls of enchant weapon
 D - 5 scrolls of enchant armour
 E - 2 scrolls of immolation {!r!r}
 H - 2 scrolls of poison {!r}
 Q - 4 scrolls of fear
 T - 5 scrolls of vulnerability {!r!r}
 V - 2 scrolls of brand weapon
Potions
 i - 2 potions of attraction {!q}
 n - 7 potions of curing {@q1}
 q - 5 potions of might
 r - 4 potions of ambrosia
 u - a potion of lignification {!q}
 x - 4 potions of flight
 z - a potion of mutation {!q}
 A - 4 potions of invisibility
 F - 3 potions of heal wounds {@q2}
 J - 2 potions of resistance
 L - 2 potions of cancellation
 U - 3 potions of brilliance
 Y - 5 potions of magic
Miscellaneous
 w - a phantom mirror
   (You found it on level 1 of the Lair of Beasts)

Dungeon Overview and Level Annotations

Branches:
Dungeon (14/15)            Temple (1/1) D:7            Lair (6/6) D:11
 Shoals (0/4) Lair:3        Snake (0/4) Lair:3        Slime (0/5) Lair:6
    Orc (0/2) D:12         Vaults (0/5) D:13

Altars:
Ashenzari
Cheibriados
Dithmenos
Elyvilon
Fedhas
Gozag
Hepliaklqana
Kikubaaqudgha
Makhleb
Okawaru
Qazlal
Ru
Sif Muna
Trog
Uskayaw
Vehumet
Xom
Yredelemnul
The Shining One

Shops:
D:8 (:**[   D:9 =   D:12 !   D:13 ***

Annotations:
D:14 Snorg
Lair:6 3 runed translucent doors, Shayle's ghost, journeyman TeBr

T.# #5# #5#
####.######..
#...Cu..[....
#..yJ#......##
#Ju.WlY...... ∆
#uuy@#.# #..# ..
#.#y.#.# #..# #.
#yu#.###..########.
#..#.#.............
#...[#.##.#########
#......##.## #
#.#.####.#.## ###
#.......###.# #..
#....###.#..# #.#


You could see Snorg, 2 ugly things, a cyclops (corroded, ally target), a
freezing wraith (ally target), a basilisk (ally target), an ice beast, 2
ufetubi, 3 friendly ugly things, a friendly large slime creature (summoned), a
friendly slime creature (summoned), a friendly tengu warrior (summoned) and 4
friendly vampire mosquitoes.


Message History

Something punches your brown ugly thing but does no damage.
The white ugly thing tentacle-slaps your mana viper.
The white ugly thing freezes your mana viper!!
Your mana viper seems to slow down.
An ufetubus comes into view.
The centaur warrior barely misses you.
The centaur warrior completely misses you.
Your mana viper bites the deep elf pyromancer.
The deep elf pyromancer's magic leaks into the air.
The centaur hits your brown ugly thing.
The centaur kicks your brown ugly thing.
Your brown ugly thing headbutts the centaur!
The centaur is splashed with acid!
The centaur dies!
Cheibriados thoroughly appreciates the change of pace.
The freezing wraith hits you.
* * * LOW HITPOINT WARNING * * *
The freezing wraith freezes you!
* * * LOW HITPOINT WARNING * * *
The freezing wraith misses you.
Your brown ugly thing basks in the mutagenic energy from its kin and changes!
Your slime creature hits the centaur warrior!!
Your slime creature barely misses the ice beast.
Your slime creature barely misses the deep elf pyromancer.
The deep elf pyromancer hits your vampire mosquito with a +2 dagger of venom. 😱 HP[-1]
You now have 169 max hp (+56).
Unknown command.
Unknown command.
You hit the centaur warrior.
Something punches your white ugly thing!
Something freezes your white ugly thing!
Your white ugly thing resists.
Your white ugly thing dies!
Your white ugly thing's corpse dissolves into shadows!
The white ugly thing tentacle-slaps your mana viper!
Your mana viper dies!
Your mana viper disappears in a puff of smoke!
The centaur warrior closely misses you.
The centaur warrior kicks you but does no damage. 😱 HP[+2]
You regained 2 hp, and now have 27/169 hp.
You puncture the centaur warrior!
You kill the centaur warrior!
Cheibriados thoroughly appreciates the change of pace.
Your vampire mosquito bites the deep elf pyromancer.
Your vampire mosquito draws strength from the deep elf pyromancer's injuries!
Your vampire mosquito closely misses the freezing wraith.
Your brown ugly thing bites the cyclops!
The cyclops is splashed with acid!
The acid corrodes the cyclops!
The freezing wraith misses you.
The freezing wraith completely misses you.
Your slime creature hits the freezing wraith!
The deep elf pyromancer hits your vampire mosquito with a +2 dagger of venom.
The ice beast hits something.
The ice beast freezes something!
Your slime creature closely misses the deep elf pyromancer. 😱 HP[+2]
You now have 171 max hp (+2).
You regained 2 hp, and now have 29/171 hp.
You puncture the basilisk!
Your vampire mosquito bites the deep elf pyromancer!
The deep elf pyromancer dies!
Cheibriados thoroughly appreciates the change of pace.
Your vampire mosquito completely misses the freezing wraith.
A white ugly thing comes into view. 😱 HP[+1] MP[+1]
You closely miss the basilisk.
Your vampire mosquito bites the freezing wraith.
Your vampire mosquito barely misses the freezing wraith.
Your brown ugly thing bites the cyclops.
The cyclops is splashed with acid.
Your brown ugly thing basks in the mutagenic energy from its kin and changes!
Your slime creature hits the white ugly thing!!
Snorg the Insatiable comes into view.
Your slime creature hits the freezing wraith but does no damage.
The freezing wraith hits you.
* * * LOW HITPOINT WARNING * * *
The freezing wraith freezes you!
* * * LOW HITPOINT WARNING * * *
The freezing wraith misses you. The basilisk gazes at you.
You are slowing down.
Two slime creatures merge to form a large slime creature.
The ice beast completely misses something.
Unknown command. 😱 HP[-23]
You take 23 damage, and now have 7/171 hp.
Unknown command.
Unknown command.
Unknown command.
Unknown command.
Unknown command.
You are too berserk!
You are too berserk!
You swap places.
The freezing wraith attacks as you move away!
The freezing wraith hits you.
* * * LOW HITPOINT WARNING * * *
The freezing wraith freezes you!!
You die...

Skill      XL: |  1  2  3  4  5  6  7  8  9 10 11 12 13 14 |
---------------+-------------------------------------------+-----
Stealth        | 10 11 12 13 | 13.4
Long Blades    | 1 2 3 4 5 6 7 8 9 |  9.7
Axes           | 1 2 3 4 5 6 7 8 9 |  9.7
Maces & Flails | 1 2 3 4 5 6 7 8 9 |  9.7
Polearms       | 1 2 3 4 5 6 7 8 9 |  9.7
Staves         | 1 2 3 4 5 6 7 8 9 |  9.7
Slings         | 1 2 3 4 5 6 7 8 9 |  9.7
Bows           | 1 2 3 4 5 6 7 8 9 |  9.7
Crossbows      | 1 2 3 4 5 6 7 8 9 |  9.7
Throwing       | 1 2 3 4 5 6 7 8 9 |  9.7
Armour         | 1 2 3 4 5 6 7 8 9 |  9.7
Shields        | 1 2 3 4 5 6 7 8 9 |  9.7
Unarmed Combat | 1 2 3 4 5 6 7 8 9 |  9.7
Spellcasting   | 1 2 3 4 5 6 7 8 9 |  9.7
Invocations    | 1 2 3 4 5 6 7 8 9 10 | 10.5
Evocations     | 1 2 3 4 5 6 7 8 9 |  9.7
Conjurations   | 1 2 3 4 5 6 7 8 |  8.1
Hexes          | 1 2 3 4 5 6 7 8 |  8.1
Summonings     | 1 2 3 4 5 6 7 8 |  8.1
Necromancy     | 1 2 3 4 5 6 7 8 |  8.1
Translocations | 1 2 3 4 5 6 7 8 |  8.1
Transmutations | 1 2 3 4 5 6 7 8 |  8.1
Fire Magic     | 1 2 3 4 5 6 7 8 |  8.1
Ice Magic      | 1 2 3 4 5 6 7 8 |  8.1
Air Magic      | 1 2 3 4 5 6 7 8 |  8.1
Earth Magic    | 1 2 3 4 5 6 7 8 |  8.1
Poison Magic   | 1 2 3 4 5 6 7 8 |  8.1
Short Blades   | 5 6 7 8 9 10 | 10.7
Dodging        | 5 6 7 8 9 10 | 10.7
Fighting       | 7 8 9 10 11 | 11.6

Action                   |  1- 3 |  4- 6 |  7- 9 | 10-12 | 13-15 || total
-------------------------+-------+-------+-------+-------+-------++-------
Melee: Short sword       |     3 |   102 |       |       |       ||   105
       Bite              |       |    24 |    25 |    85 |   110 ||   244
       Staff             |       |   102 |   151 |       |       ||   253
       Long sword        |       |     1 |     9 |     9 |       ||    19
       Punch             |       |     5 |     6 |    34 |    49 ||    94
       Dagger            |       |       |    78 |   444 |   573 ||  1095
Throw: Stone             |       |     2 |    65 |    39 |     4 ||   110
 Cast: Summon Small Mamm |       |     2 |     1 |       |       ||     3
       Call Canine Famil |       |       |    21 |    29 |    25 ||    75
       Blink             |       |       |     1 |       |       ||     1
       Summon Ice Beast  |       |       |     2 |    29 |    23 ||    54
       Freezing Cloud    |       |       |       |     3 |     6 ||     9
       Summon Mana Viper |       |       |       |    12 |    28 ||    40
       Monstrous Menager |       |       |       |       |     9 ||     9
Evoke: Wand              |       |       |     5 |       |       ||     5
  Use: Potion            |     1 |     2 |     8 |     5 |     1 ||    17
       Scroll            |     1 |     3 |     3 |     6 |     8 ||    21
 Stab: Sleeping          |     3 |    14 |     7 |    23 |    19 ||    66
       Distracted        |       |     1 |     2 |     7 |    14 ||    24
       Invisible         |       |       |       |     1 |       ||     1
Armor: Leather armour    |       |    38 |    57 |    18 |       ||   113
       Skin              |       |       |     7 |     2 |       ||     9
       Steam dragon scal |       |       |       |    77 |   132 ||   209
       Ring mail         |       |       |       |       |    11 ||    11
Dodge: Dodged            |     3 |   111 |   211 |   350 |   513 ||  1188

Levels and vault maps discovered:
D:1:      nicolae_arrival_washed_ashore, layout_basic
D:2:      layout_basic, shapermc_ecumenical_altar_rom_forum,
          dreamdust_wishing_well
D:3:      layout_loops_ring
D:4:      layout_loops_cross, gup_sewer_entry_bubbles
D:5:      layout_loops_ring, st_stairs_9
D:6:      layout_rooms, kiku_gazebo_garden_becter
D:7:      layout_loops_ring, minmay_temple_entry_overgrown,
          kennysheep_minor_cross, small_statue_intersection, uniq_duvessa
D:8:      layout_rooms, serial_shops, nicolae_shop_bloodbath_and_beyond,
          nicolae_square_shop, shop_fountains, kennysheep_mini_moat, shop,
          uniq_gastronok
D:9:      layout_cave_pods, serial_shops, shop, uniq_erolcha, uniq_grum
D:10:     layout_gridville, uniq_maggie, uniq_erica
D:11:     layout_basic, erik_lair_island, portal_ice_cave_rime,
          amethyst_killhole
D:12:     layout_rooms, orc_0_dummy, serial_shops, shop
D:13:     layout_basic, david_vaults_2, serial_shops, shop,
          nicolae_shop_overgrown_old_shop, shop, minmay_misc_feat_chi
D:14:     layout_loops_ring, serial_ice, serial_ice_d, serial_ice_h,
          serial_ice_l, serial_ice_g, small_statue_alley_a, uniq_snorg,
          uniq_rupert, uniq_roxanne
Temple:   nicolae_temple_the_god_donut
Lair:1:   layout_regular_city, serial_bayou, serial_bayou_shore_b,
          serial_bayou_pond_c, serial_bayou_pond_e, serial_bayou_lagoon_a,
          minmay_lair_oklob_items, uniq_amaemon, uniq_fannar
Lair:2:   layout_concentric_octagons
Lair:3:   layout_hall_layers, elwin_shoals_entry_rocks,
          minmay_snake_entry_guardpost_small, basic_altar
Lair:4:   layout_roguey, beast_lair_carwin_9, lemuel_fruit_tree
Lair:5:   layout_layer_cave, infiniplex_staircase_pool, grunt_megastairs_3
Lair:6:   minmay_lair_end_frog_pond, layout_regular_city,
          minmay_slime_entry_oklob_open, gammafunk_ghost_split

Notes
Turn   | Place    | Note
-------+----------+-------------------------------------------
     0 | D:5      | Reached skill level 9 in Stealth
     0 | D:5      | spaghetti the Gnoll Delver began the quest for the Orb.
     0 | D:5      | Reached XP level 1. HP: 23/23 MP: 1/1
     0 | D:5      | magus.rc [v1.9.6]
    65 | D:5      | Noticed a scorpion
    68 | D:5      | Noticed an ogre
    71 | D:5      | Noticed a gnoll shaman
   190 | D:3      | Noticed a scorpion
   194 | D:3      | Killed a scorpion
   195 | D:3      | Reached skill level 1 in Long Blades
   195 | D:3      | Reached skill level 1 in Axes
   195 | D:3      | Reached skill level 1 in Maces & Flails
   195 | D:3      | Reached skill level 1 in Polearms
   195 | D:3      | Reached skill level 1 in Staves
   195 | D:3      | Reached skill level 1 in Slings
   195 | D:3      | Reached skill level 1 in Bows
   195 | D:3      | Reached skill level 1 in Crossbows
   195 | D:3      | Reached skill level 1 in Throwing
   195 | D:3      | Reached skill level 1 in Armour
   195 | D:3      | Reached skill level 1 in Shields
   195 | D:3      | Reached skill level 1 in Unarmed Combat
   195 | D:3      | Reached skill level 1 in Spellcasting
   195 | D:3      | Reached skill level 1 in Invocations
   195 | D:3      | Reached skill level 1 in Evocations
   195 | D:3      | Reached XP level 2. HP: 29/29 MP: 1/3
   195 | D:3      | Reached XP level 3. HP: 35/35 MP: 1/4
   195 | D:3      | Reached XP level 4. HP: 41/41 MP: 1/5
   568 | D:2      | You pick up a book of Callings and begin reading...
   568 | D:2      | You add the spells Summon Small Mammal, Call Canine
                  | Familiar and Summon Guardian Golem to your library.
   581 | D:2      | Learned a level 3 spell: Call Canine Familiar
   583 | D:2      | Learned a level 1 spell: Summon Small Mammal
   598 | D:2      | Found a faded altar of an unknown god.
   602 | D:2      | Got Plato's Volume of Poisoning
   682 | D:2      | Reached skill level 1 in Conjurations
   682 | D:2      | Reached skill level 1 in Hexes
   682 | D:2      | Reached skill level 1 in Summonings
   682 | D:2      | Reached skill level 1 in Necromancy
   682 | D:2      | Reached skill level 1 in Translocations
   682 | D:2      | Reached skill level 1 in Transmutations
   682 | D:2      | Reached skill level 1 in Fire Magic
   682 | D:2      | Reached skill level 1 in Ice Magic
   682 | D:2      | Reached skill level 1 in Air Magic
   682 | D:2      | Reached skill level 1 in Earth Magic
   682 | D:2      | Reached skill level 1 in Poison Magic
  1251 | D:2      | Identified the ring "Quxunlom" {rElec Will+ Int-2 Dex+4
                  | Slay+3}
  1254 | D:2      | Noticed a nameless horror
  1328 | D:1      | You pick up a book of Beasts and begin reading...
  1328 | D:1      | You add the spells Summon Ice Beast, Summon Mana Viper and
                  | Monstrous Menagerie to your library.
  1544 | D:3      | Reached XP level 5. HP: 45/47 MP: 6/6
  1789 | D:3      | You pick up a book of Spatial Translocations and begin
                  | reading...
  1789 | D:3      | You add the spells Blink, Lesser Beckoning and Manifold
                  | Assault to your library.
  1796 | D:3      | Learned a level 2 spell: Blink
  2152 | D:4      | Noticed a phantom
  2158 | D:4      | Killed a phantom
  2159 | D:4      | Reached skill level 2 in Invocations
  2159 | D:4      | Reached XP level 6. HP: 53/53 MP: 8/8
  2289 | D:4      | Reached skill level 5 in Short Blades
  2289 | D:4      | Reached skill level 5 in Dodging
  2295 | D:4      | You add the spells Conjure Flame, Ignite Poison and Sticky
                  | Flame to your library.
  2489 | D:4      | Reached skill level 2 in Long Blades
  2489 | D:4      | Reached skill level 2 in Axes
  2489 | D:4      | Reached skill level 2 in Maces & Flails
  2489 | D:4      | Reached skill level 2 in Polearms
  2489 | D:4      | Reached skill level 2 in Staves
  2489 | D:4      | Reached skill level 2 in Slings
  2489 | D:4      | Reached skill level 2 in Bows
  2489 | D:4      | Reached skill level 2 in Crossbows
  2489 | D:4      | Reached skill level 2 in Throwing
  2489 | D:4      | Reached skill level 2 in Armour
  2489 | D:4      | Reached skill level 2 in Shields
  2489 | D:4      | Reached skill level 2 in Unarmed Combat
  2489 | D:4      | Reached skill level 2 in Spellcasting
  2489 | D:4      | Reached skill level 2 in Evocations
  2888 | D:5      | Noticed an ice beast
  2980 | D:4      | Reached XP level 7. HP: 55/59 MP: 10/10
  3146 | D:5      | Reached skill level 7 in Fighting
  3209 | D:5      | HP: 9/60 [ice beast (10)]
  3210 | D:5      | HP: 2/60 [ice beast (10)]
  3222 | D:5      | Reached skill level 2 in Conjurations
  3222 | D:5      | Reached skill level 2 in Hexes
  3222 | D:5      | Reached skill level 2 in Summonings
  3222 | D:5      | Reached skill level 2 in Necromancy
  3222 | D:5      | Reached skill level 2 in Translocations
  3222 | D:5      | Reached skill level 2 in Transmutations
  3222 | D:5      | Reached skill level 2 in Fire Magic
  3222 | D:5      | Reached skill level 2 in Ice Magic
  3222 | D:5      | Reached skill level 2 in Air Magic
  3222 | D:5      | Reached skill level 2 in Earth Magic
  3222 | D:5      | Reached skill level 2 in Poison Magic
  3342 | D:5      | Reached skill level 10 in Stealth
  3400 | D:5      | Reached skill level 3 in Invocations
  3440 | D:5      | You pick up a book of the Senses and begin reading...
  3440 | D:5      | You add the spells Dazzling Flash, Agony and Silence to
                  | your library.
  3778 | D:6      | Reached XP level 8. HP: 42/67 MP: 12/12
  3853 | D:6      | Reached skill level 3 in Long Blades
  3853 | D:6      | Reached skill level 3 in Axes
  3853 | D:6      | Reached skill level 3 in Maces & Flails
  3853 | D:6      | Reached skill level 3 in Polearms
  3853 | D:6      | Reached skill level 3 in Staves
  3853 | D:6      | Reached skill level 3 in Slings
  3853 | D:6      | Reached skill level 3 in Bows
  3853 | D:6      | Reached skill level 3 in Crossbows
  3853 | D:6      | Reached skill level 3 in Throwing
  3853 | D:6      | Reached skill level 3 in Armour
  3853 | D:6      | Reached skill level 3 in Shields
  3853 | D:6      | Reached skill level 3 in Unarmed Combat
  3853 | D:6      | Reached skill level 3 in Spellcasting
  3853 | D:6      | Reached skill level 3 in Evocations
  4076 | D:6      | You pick up a book of Spatial Translocations and begin
                  | reading...
  4210 | D:6      | Found an ancient bone altar of Kikubaaqudgha.
  4287 | D:6      | HP: 7/67 [orc warrior/+0 morningstar (18)]
  4500 | D:6      | HP: 16/67 [orc warrior/+0 mace (11)]
  4522 | D:6      | Reached skill level 4 in Invocations
  4630 | D:6      | Identified the +4 dagger "Hydrabane" {vorpal, rElec rCorr
                  | Int+8 Dex-3}
  4652 | D:6      | Reached skill level 3 in Conjurations
  4652 | D:6      | Reached skill level 3 in Hexes
  4652 | D:6      | Reached skill level 3 in Summonings
  4652 | D:6      | Reached skill level 3 in Necromancy
  4652 | D:6      | Reached skill level 3 in Translocations
  4652 | D:6      | Reached skill level 3 in Transmutations
  4652 | D:6      | Reached skill level 3 in Fire Magic
  4652 | D:6      | Reached skill level 3 in Ice Magic
  4652 | D:6      | Reached skill level 3 in Air Magic
  4652 | D:6      | Reached skill level 3 in Earth Magic
  4652 | D:6      | Reached skill level 3 in Poison Magic
  4657 | D:6      | Learned a level 3 spell: Lesser Beckoning
  4711 | D:7      | Reached skill level 6 in Short Blades
  4711 | D:7      | Reached skill level 6 in Dodging
  4828 | D:7      | Reached XP level 9. HP: 73/73 MP: 14/14
  4833 | D:7      | Learned a level 4 spell: Summon Ice Beast
  5077 | D:7      | Found a staircase to the Ecumenical Temple.
  5181 | D:7      | Identified the +1 chain mail of Inevitability {rElec rF+
                  | rN+}
  5215 | D:7      | Reached skill level 4 in Long Blades
  5215 | D:7      | Reached skill level 4 in Axes
  5215 | D:7      | Reached skill level 4 in Maces & Flails
  5215 | D:7      | Reached skill level 4 in Polearms
  5215 | D:7      | Reached skill level 4 in Staves
  5215 | D:7      | Reached skill level 4 in Slings
  5215 | D:7      | Reached skill level 4 in Bows
  5215 | D:7      | Reached skill level 4 in Crossbows
  5215 | D:7      | Reached skill level 4 in Throwing
  5215 | D:7      | Reached skill level 4 in Armour
  5215 | D:7      | Reached skill level 4 in Shields
  5215 | D:7      | Reached skill level 4 in Unarmed Combat
  5215 | D:7      | Reached skill level 4 in Spellcasting
  5215 | D:7      | Reached skill level 4 in Evocations
  5514 | Temple   | Entered the Ecumenical Temple
  5550 | Temple   | Became a worshipper of Cheibriados the Contemplative
  5618 | D:7      | Noticed Duvessa
  5618 | D:7      | Noticed Dowan
  5621 | D:7      | Killed Duvessa
  5639 | D:7      | Killed Dowan
  5924 | D:8      | Found Jelinn's General Store.
  5927 | D:8      | Found Myaliq's Armour Emporium.
  5935 | D:8      | Bought a +2 pair of gloves of dexterity for 258 gold pieces
  5940 | D:8      | Bought a +0 pair of boots for 54 gold pieces
  5976 | D:8      | Noticed Gastronok
  6003 | D:8      | Killed Gastronok
  6004 | D:8      | Reached skill level 8 in Fighting
  6004 | D:8      | Reached skill level 4 in Conjurations
  6004 | D:8      | Reached skill level 4 in Hexes
  6004 | D:8      | Reached skill level 4 in Summonings
  6004 | D:8      | Reached skill level 4 in Necromancy
  6004 | D:8      | Reached skill level 4 in Translocations
  6004 | D:8      | Reached skill level 4 in Transmutations
  6004 | D:8      | Reached skill level 4 in Fire Magic
  6004 | D:8      | Reached skill level 4 in Ice Magic
  6004 | D:8      | Reached skill level 4 in Air Magic
  6004 | D:8      | Reached skill level 4 in Earth Magic
  6004 | D:8      | Reached skill level 4 in Poison Magic
  6004 | D:8      | Reached skill level 5 in Invocations
  6004 | D:8      | Reached XP level 10. HP: 59/80 MP: 9/17
  6245 | D:8      | You pick up a book of Winter and begin reading...
  6245 | D:8      | You add the spells Ozocubu's Armour, Metabolic Englaciation
                  | and Simulacrum to your library.
  6266 | D:8      | Found Veitut's General Store.
  6333 | D:8      | Gained mutation: Your natural rate of healing is unusually
                  | fast. [potion of mutation]
  6333 | D:8      | Gained mutation: Your magical capacity is low. (-10% MP)
                  | [potion of mutation]
  6333 | D:8      | Gained mutation: You have a somewhat thin skeletal
                  | structure. (Dex +2, Stealth+) [potion of mutation]
  6335 | D:8      | Reached skill level 5 in Long Blades
  6335 | D:8      | Reached skill level 5 in Axes
  6335 | D:8      | Reached skill level 5 in Maces & Flails
  6335 | D:8      | Reached skill level 5 in Polearms
  6335 | D:8      | Reached skill level 5 in Staves
  6335 | D:8      | Reached skill level 5 in Slings
  6335 | D:8      | Reached skill level 5 in Bows
  6335 | D:8      | Reached skill level 5 in Crossbows
  6335 | D:8      | Reached skill level 5 in Throwing
  6335 | D:8      | Reached skill level 5 in Armour
  6335 | D:8      | Reached skill level 5 in Shields
  6335 | D:8      | Reached skill level 5 in Unarmed Combat
  6335 | D:8      | Reached skill level 5 in Spellcasting
  6335 | D:8      | Reached skill level 5 in Evocations
  6458 | D:8      | Found Rofearph's Weapon Shoppe.
  6473 | D:8      | Found Red Ezokh's Book Boutique.
  6506 | D:8      | You add the spells Mephitic Cloud and Freezing Cloud to
                  | your library.
  6640 | D:8      | Learned a level 5 spell: Freezing Cloud
  6844 | D:9      | Reached skill level 7 in Short Blades
  6844 | D:9      | Reached skill level 7 in Dodging
  7020 | D:9      | Reached * piety under Cheibriados
  7066 | D:9      | Found Cemeihuo's Jewellery Emporium.
  7097 | D:9      | Noticed Grum
  7133 | D:9      | Killed Grum
  7134 | D:9      | Reached skill level 11 in Stealth
  7453 | D:9      | Reached skill level 6 in Invocations
  7567 | D:9      | Noticed Erolcha
  7572 | D:9      | Killed Erolcha
  7827 | D:10     | Entered Level 10 of the Dungeon
  7883 | D:10     | Noticed a kobold demonologist
  7890 | D:10     | Killed a kobold demonologist
  7961 | D:10     | Noticed Maggie
  7975 | D:10     | Killed Maggie
  7976 | D:10     | Reached XP level 11. HP: 37/87 MP: 6/17
  8164 | D:10     | Reached skill level 9 in Fighting
  8164 | D:10     | Reached skill level 6 in Long Blades
  8164 | D:10     | Reached skill level 6 in Axes
  8164 | D:10     | Reached skill level 6 in Maces & Flails
  8164 | D:10     | Reached skill level 6 in Polearms
  8164 | D:10     | Reached skill level 6 in Staves
  8164 | D:10     | Reached skill level 6 in Slings
  8164 | D:10     | Reached skill level 6 in Bows
  8164 | D:10     | Reached skill level 6 in Crossbows
  8164 | D:10     | Reached skill level 6 in Throwing
  8164 | D:10     | Reached skill level 6 in Armour
  8164 | D:10     | Reached skill level 6 in Shields
  8164 | D:10     | Reached skill level 6 in Unarmed Combat
  8164 | D:10     | Reached skill level 6 in Spellcasting
  8164 | D:10     | Reached skill level 6 in Evocations
  8194 | D:10     | Reached skill level 5 in Conjurations
  8194 | D:10     | Reached skill level 5 in Hexes
  8194 | D:10     | Reached skill level 5 in Summonings
  8194 | D:10     | Reached skill level 5 in Necromancy
  8194 | D:10     | Reached skill level 5 in Translocations
  8194 | D:10     | Reached skill level 5 in Transmutations
  8194 | D:10     | Reached skill level 5 in Fire Magic
  8194 | D:10     | Reached skill level 5 in Ice Magic
  8194 | D:10     | Reached skill level 5 in Air Magic
  8194 | D:10     | Reached skill level 5 in Earth Magic
  8194 | D:10     | Reached skill level 5 in Poison Magic
  8208 | D:9      | Reached ** piety under Cheibriados
  8483 | D:10     | You fall into a shaft and drop 1 floor!
  8483 | D:11     | Noticed a six-headed hydra
  8489 | D:11     | Killed a six-headed hydra
  8556 | D:11     | Identified the +6 hunting sling of Wozun {vorpal, Str+4}
  8595 | D:11     | Identified the +6 hand axe "Piopn" {elec, *Rage rF++}
  8614 | D:11     | Noticed a cyclops
  8622 | D:11     | Killed a cyclops
  8647 | D:11     | Noticed a boulder beetle
  8674 | D:11     | Killed a boulder beetle
  8688 | D:11     | Reached skill level 7 in Invocations
  8780 | D:11     | Found a staircase to the Lair.
  8794 | D:11     | Reached skill level 8 in Short Blades
  8794 | D:11     | Reached skill level 8 in Dodging
  8993 | D:11     | Noticed a cyclops
  9004 | D:11     | Killed a cyclops
  9184 | D:11     | Noticed a two-headed ogre
  9189 | D:11     | Killed a two-headed ogre
  9542 | D:11     | Noticed a manticore
  9549 | D:11     | Killed a manticore
  9550 | D:11     | Reached XP level 12. HP: 96/96 MP: 20/20
  9827 | Lair:1   | Entered Level 1 of the Lair of Beasts
  9827 | Lair:1   | Noticed a seven-headed hydra
  9835 | Lair:1   | Killed a seven-headed hydra
  9905 | Lair:1   | Reached *** piety under Cheibriados
 10006 | Lair:1   | Noticed Fannar
 10026 | Lair:1   | Reached skill level 7 in Long Blades
 10026 | Lair:1   | Reached skill level 7 in Axes
 10026 | Lair:1   | Reached skill level 7 in Maces & Flails
 10026 | Lair:1   | Reached skill level 7 in Polearms
 10026 | Lair:1   | Reached skill level 7 in Staves
 10026 | Lair:1   | Reached skill level 7 in Slings
 10026 | Lair:1   | Reached skill level 7 in Bows
 10026 | Lair:1   | Reached skill level 7 in Crossbows
 10026 | Lair:1   | Reached skill level 7 in Throwing
 10026 | Lair:1   | Reached skill level 7 in Armour
 10026 | Lair:1   | Reached skill level 7 in Shields
 10026 | Lair:1   | Reached skill level 7 in Unarmed Combat
 10026 | Lair:1   | Reached skill level 7 in Spellcasting
 10026 | Lair:1   | Reached skill level 7 in Evocations
 10033 | Lair:1   | HP: 23/97 [Fannar/staff of cold (3)]
 10042 | Lair:1   | Killed Fannar
 10168 | Lair:1   | Learned a level 5 spell: Summon Mana Viper
 10606 | Lair:1   | Noticed Amaemon
 10611 | Lair:1   | Killed Amaemon
 10612 | Lair:1   | Reached skill level 6 in Conjurations
 10612 | Lair:1   | Reached skill level 6 in Hexes
 10612 | Lair:1   | Reached skill level 6 in Summonings
 10612 | Lair:1   | Reached skill level 6 in Necromancy
 10612 | Lair:1   | Reached skill level 6 in Translocations
 10612 | Lair:1   | Reached skill level 6 in Transmutations
 10612 | Lair:1   | Reached skill level 6 in Fire Magic
 10612 | Lair:1   | Reached skill level 6 in Ice Magic
 10612 | Lair:1   | Reached skill level 6 in Air Magic
 10612 | Lair:1   | Reached skill level 6 in Earth Magic
 10612 | Lair:1   | Reached skill level 6 in Poison Magic
 10721 | D:9      | Bought a ring of wizardry for 360 gold pieces
 10991 | Lair:1   | Reached skill level 8 in Invocations
 10997 | Lair:1   | Reached skill level 12 in Stealth
 11306 | Lair:2   | Reached skill level 10 in Fighting
 12185 | Lair:3   | Reached **** piety under Cheibriados
 12258 | Lair:3   | Reached skill level 9 in Short Blades
 12258 | Lair:3   | Reached skill level 9 in Dodging
 12366 | Lair:3   | Found a burning altar of Makhleb.
 12388 | Lair:3   | Found a staircase to the Shoals.
 12462 | Lair:3   | Found a staircase to the Snake Pit.
 12939 | Lair:4   | Reached XP level 13. HP: 98/103 MP: 16/22
 13026 | Lair:4   | Reached ***** piety under Cheibriados
 13186 | Lair:4   | Reached skill level 8 in Long Blades
 13186 | Lair:4   | Reached skill level 8 in Axes
 13186 | Lair:4   | Reached skill level 8 in Maces & Flails
 13186 | Lair:4   | Reached skill level 8 in Polearms
 13186 | Lair:4   | Reached skill level 8 in Staves
 13186 | Lair:4   | Reached skill level 8 in Slings
 13186 | Lair:4   | Reached skill level 8 in Bows
 13186 | Lair:4   | Reached skill level 8 in Crossbows
 13186 | Lair:4   | Reached skill level 8 in Throwing
 13186 | Lair:4   | Reached skill level 8 in Armour
 13186 | Lair:4   | Reached skill level 8 in Shields
 13186 | Lair:4   | Reached skill level 8 in Unarmed Combat
 13186 | Lair:4   | Reached skill level 8 in Spellcasting
 13186 | Lair:4   | Reached skill level 8 in Evocations
 13858 | Lair:5   | Reached skill level 9 in Invocations
 14501 | Lair:5   | Reached skill level 7 in Conjurations
 14501 | Lair:5   | Reached skill level 7 in Hexes
 14501 | Lair:5   | Reached skill level 7 in Summonings
 14501 | Lair:5   | Reached skill level 7 in Necromancy
 14501 | Lair:5   | Reached skill level 7 in Translocations
 14501 | Lair:5   | Reached skill level 7 in Transmutations
 14501 | Lair:5   | Reached skill level 7 in Fire Magic
 14501 | Lair:5   | Reached skill level 7 in Ice Magic
 14501 | Lair:5   | Reached skill level 7 in Air Magic
 14501 | Lair:5   | Reached skill level 7 in Earth Magic
 14501 | Lair:5   | Reached skill level 7 in Poison Magic
 15134 | Lair:6   | Entered Level 6 of the Lair of Beasts
 15257 | Lair:6   | Reached ****** piety under Cheibriados
 15363 | Lair:6   | Reached skill level 11 in Fighting
 15363 | Lair:6   | Reached skill level 10 in Short Blades
 15363 | Lair:6   | Reached skill level 10 in Dodging
 15367 | Lair:6   | Reached XP level 14. HP: 94/113 MP: 1/24
 15430 | Lair:6   | Learned a level 7 spell: Monstrous Menagerie
 15606 | Lair:6   | Reached skill level 9 in Long Blades
 15606 | Lair:6   | Reached skill level 9 in Axes
 15606 | Lair:6   | Reached skill level 9 in Maces & Flails
 15606 | Lair:6   | Reached skill level 9 in Polearms
 15606 | Lair:6   | Reached skill level 9 in Staves
 15606 | Lair:6   | Reached skill level 9 in Slings
 15606 | Lair:6   | Reached skill level 9 in Bows
 15606 | Lair:6   | Reached skill level 9 in Crossbows
 15606 | Lair:6   | Reached skill level 9 in Throwing
 15606 | Lair:6   | Reached skill level 9 in Armour
 15606 | Lair:6   | Reached skill level 9 in Shields
 15606 | Lair:6   | Reached skill level 9 in Unarmed Combat
 15606 | Lair:6   | Reached skill level 9 in Spellcasting
 15606 | Lair:6   | Reached skill level 9 in Evocations
 15683 | Lair:6   | Reached skill level 13 in Stealth
 16111 | Lair:6   | Reached skill level 10 in Invocations
 16417 | Lair:6   | Found a staircase to the Slime Pits.
 16573 | Lair:6   | Found a runed translucent gate.
 16573 | Lair:6   | Found a runed translucent gate.
 16574 | Lair:6   | Found a runed translucent gate.
 16737 | Lair:6   | Noticed Shayle's ghost (journeyman TeBr)
 17154 | D:12     | Found Lestajote's Distillery.
 17384 | D:12     | You pick up a book of the Dragon and begin reading...
 17384 | D:12     | You add the spells Cause Fear, Dragon Form and Dragon's
                  | Call to your library.
 17591 | D:12     | Found a staircase to the Orcish Mines.
 17640 | D:12     | You pick up a book of Callings and begin reading...
 17801 | D:13     | Identified a scroll of acquirement
 17805 | D:13     | Found Righop's Assorted Antiques.
 17807 | D:13     | Acquired 876 gold pieces
 17845 | D:13     | Found a gate to the Vaults.
 17861 | D:13     | Reached skill level 8 in Conjurations
 17861 | D:13     | Reached skill level 8 in Hexes
 17861 | D:13     | Reached skill level 8 in Summonings
 17861 | D:13     | Reached skill level 8 in Necromancy
 17861 | D:13     | Reached skill level 8 in Translocations
 17861 | D:13     | Reached skill level 8 in Transmutations
 17861 | D:13     | Reached skill level 8 in Fire Magic
 17861 | D:13     | Reached skill level 8 in Ice Magic
 17861 | D:13     | Reached skill level 8 in Air Magic
 17861 | D:13     | Reached skill level 8 in Earth Magic
 17861 | D:13     | Reached skill level 8 in Poison Magic
 18161 | D:13     | Found Ihoc's General Store.
 18162 | D:13     | Found Lamm's Assorted Antiques.
 18376 | D:14     | Identified Roxanne's Handbook of Transmutation
 18376 | D:14     | Noticed Roxanne
 18413 | D:14     | Killed Roxanne
 18415 | D:14     | You add the spells Petrify, Statue Form and Eringya's
                  | Noxious Bog to your library.
 18534 | D:14     | Noticed Rupert
 18540 | D:14     | Killed Rupert
 18561 | D:14     | Identified the +0 ring mail of the Dwarven Hall {Harm rElec
                  | Regen+}
 18587 | D:14     | HP: 26/113 [deep elf pyromancer/bolt of fire (8)]
 18592 | D:14     | Noticed Snorg
 18592 | D:14     | HP: 25/171 [freezing wraith (6)]
 18592 | D:14     | HP: 7/171 [freezing wraith (18)]
 18593 | D:14     | HP: 3/171 [freezing wraith (4)]
 18593 | D:14     | Mangled by a freezing wraith

Vanquished Creatures
  Rupert (D:14)
  Gastronok (D:8)
  Roxanne (D:14)
  Erolcha (D:9)
  A boulder beetle (D:11)
  2 hydras
  A centaur warrior (D:14)
  2 two-headed ogres
  2 death yaks (Lair:4)
  2 cyclopes (D:11)
  A manticore (D:11)
  5 oklob plants (Lair:6)
  4 black mambas
  2 elephants (Lair:6)
  A gargoyle (D:13)
  14 cane toads
  Maggie (D:10)
  A kobold demonologist (D:10)
  2 rime drakes (D:11)
  3 komodo dragons
  A polar bear (Lair:1)
  3 trolls
  2 tyrant leeches (Lair:6)
  A hornet (D:9)
  13 blink frogs
  3 shadows
  5 wraiths
  35 yaks
  2 wyverns
  5 vampire mosquitoes
  A steam dragon (D:10)
  2 acid dragons
  Duvessa (D:7)
  4 nagas (Lair:3)
  7 water moccasins
  A sky beast (D:7)
  2 orc warriors (D:6)
  4 ice beasts
  14 wolves
  2 ogres
  13 centaurs
  2 phantoms
  A kobold brigand (D:8)
  12 bullfrogs
  A necrophage (D:6)
  2 scorpions
  A gnoll sergeant (D:6)
  11 wights
  Dowan (D:7)
  3 electric eels
  4 howler monkeys
  3 nameless horrors
  A lava snake (D:7)
  A hound (D:11)
  An orc priest (D:7)
  2 jellies
  3 gnoll shamans
  5 iguanas
  4 orc wizards
  7 adders
  11 gnolls
  2 shadow imps
  2 white imps
  An ufetubus (D:5)
  2 worms
  A dart slug (D:2)
  14 orcs
  3 ball pythons
  2 bats
  7 endoplasms
  A giant cockroach (D:4)
  3 goblins
  4 hobgoblins
  4 jackals
  5 kobolds
  5 quokkas
  3 frilled lizards (D:3)
  7 rats
  A bush (Lair:1)
312 creatures vanquished.

Vanquished Creatures (collateral kills)
  3 hydras
  Fannar (Lair:1)
  A centaur warrior (D:13)
  An ogre mage (D:13)
  A two-headed ogre (D:13)
  2 death yaks (Lair:4)
  Amaemon (Lair:1)
  A goliath frog (Lair:6)
  A deep elf pyromancer (D:14)
  2 oklob plants
  4 elephants (Lair:6)
  2 gargoyles (D:12)
  3 black mambas
  An orange demon (Lair:1)
  7 cane toads
  2 komodo dragons
  An unseen horror (D:13)
  A troll (D:11)
  10 blink frogs (Lair:6)
  5 dream sheep (Lair:6)
  A shadow (D:13)
  A vampire (D:11)
  A wraith (D:12)
  Grum (D:9)
  2 basilisks
  21 yaks
  4 vampire mosquitoes (Lair:6)
  An acid dragon (D:11)
  3 water moccasins
  4 wolves
  A centaur (D:14)
  6 bullfrogs
  4 wights
  2 electric eels
  A hound (D:11)
  4 gnolls
  A white imp (D:6)
  3 orcs (D:6)
  3 kobolds (D:8)
114 creatures vanquished.

Vanquished Creatures (others)
  A centaur (D:14)
  2 hounds (D:11)
  37 fungi
  110 plants
150 creatures vanquished.

Grand Total: 576 creatures vanquished

Table legend:
 A = Non-vault XP
 B = Vault XP
 C = Vault XP percentage of total XP
 D = Non-vault monster count
 E = Vault monster count
 F = Vault count percentage of total count
                 A         B        C        D         E       F
            +---------+---------+-------+---------+---------+-------
      Total |   53834 |   32345 |  37.5 |     330 |      94 |  22.2
            +---------+---------+-------+---------+---------+-------
        D:1 |       4 |       0 |   0.0 |       2 |       0 |   0.0
        D:2 |      53 |       0 |   0.0 |      15 |       0 |   0.0
        D:3 |     135 |       0 |   0.0 |      24 |       0 |   0.0
        D:4 |     295 |     116 |  28.2 |      12 |       8 |  40.0
        D:5 |     440 |     116 |  20.9 |      15 |       1 |   6.2
        D:6 |    1117 |       0 |   0.0 |      27 |       0 |   0.0
        D:7 |     863 |     216 |  20.0 |      20 |       2 |   9.1
        D:8 |     522 |    1471 |  73.8 |      12 |       1 |   7.7
        D:9 |    2228 |    1427 |  39.0 |      18 |       5 |  21.7
       D:10 |    1818 |     379 |  17.3 |      10 |       1 |   9.1
       D:11 |    5886 |    1439 |  19.6 |      16 |       9 |  36.0
       D:12 |    4242 |       0 |   0.0 |      22 |       0 |   0.0
       D:13 |    2133 |    2470 |  53.7 |       5 |       3 |  37.5
       D:14 |    1508 |    3190 |  67.9 |       3 |       2 |  40.0
     Lair:1 |    3993 |    2597 |  39.4 |      17 |       4 |  19.0
     Lair:2 |    2685 |       0 |   0.0 |       7 |       0 |   0.0
     Lair:3 |    3121 |     635 |  16.9 |      16 |       4 |  20.0
     Lair:4 |    3129 |    3813 |  54.9 |      15 |       7 |  31.8
     Lair:5 |    7351 |     774 |   9.5 |      36 |       3 |   7.7
     Lair:6 |   12311 |   13702 |  52.7 |      38 |      44 |  53.7
            +---------+---------+-------+---------+---------+-------

Illustrated notes

Table legend:
 A = Kills in this place as a percentage of kills in entire the game.
 B = Kills by you in this place as a percentage of kills by you in the entire game.
 C = Kills by friends in this place as a percentage of kills by friends in the entire game.
 D = Other kills in this place as a percentage of other kills in the entire game.
 E = Experience gained in this place as a percentage of experience gained in the entire game.
 F = Experience gained in this place divided by the number of levels of this place that you have seen.
                   A       B       C       D       E      F
               +-------+-------+-------+-------+-------+----------------------
         Total | 100.0 | 100.0 | 100.0 | 100.0 | 100.0 | 4103.8
       Dungeon |  55.0 |  64.3 |  28.9 | 100.0 |  37.2 | 2290.6
          Lair |  45.0 |  35.7 |  71.1 |   0.0 |  62.8 | 9018.5
               +-------+-------+-------+-------+-------+----------------------

Table legend: (Time is in decaauts)
 A = Elapsed time spent in this place.
 B = Non-inter-level travel time spent in this place.
 C = Inter-level travel time spent in this place.
 D = Time resting spent in this place.
 E = Time spent auto-exploring this place.
 F = Levels seen in this place.
 G = Mean time per level.
                   A        B        C        D        E       F      G
               +--------+--------+--------+--------+--------+-----+--------+
         Total |  23830 |  22428 |   1402 |   1415 |  16775 |  21 | 1134.8 |
       Dungeon |  13324 |  12436 |    888 |   1072 |   8883 |  14 |  951.7 |
        Temple |     71 |     36 |     35 |      0 |     19 |   1 |   71.0 |
          Lair |  10434 |   9956 |    478 |    343 |   7873 |   6 | 1739.0 |
               +--------+--------+--------+--------+--------+-----+--------+

Top non-repeatable levels by time:
  Lair:6: 2625 daAuts
  Lair:5: 2088 daAuts
    D:11: 1900 daAuts
     D:9: 1703 daAuts
  Lair:1: 1691 daAuts
  Lair:4: 1549 daAuts
  Lair:2: 1513 daAuts
     D:7: 1218 daAuts
     D:2: 1069 daAuts
     D:4: 1026 daAuts
    D:12: 998 daAuts
  Lair:3: 966 daAuts
     D:6: 958 daAuts
    D:13: 944 daAuts
     D:8: 869 daAuts
